 Dungeon Crawl Stone Soup version 0.23.2-33-g5129a83184 (webtiles) character file.

Game seed: 16460412483416135100

118712 H0rd4k the Carver (level 17, -7/133 HPs)
             Began as a Human Artificer on July 23, 2019.
             Was an Initiate of Gozag.
             Killed by nerve-wracking pain
             ... invoked by an orc high priest
              (10 damage)
             ... on level 2 of the Orcish Mines on July 25, 2019.
             The game lasted 01:09:58 (29922 turns).

H0rd4k the Carver (Human Artificer)                Turns: 29922, Time: 01:09:59

Health: -7/133     AC: 23    Str: 22    XL:     17   Next: 32%
Magic:  30/30      EV: 13    Int: 12    God:    Gozag
Gold:   3983       SH:  6    Dex: 17    Spells: 19/19 levels left

rFire    + . .     SeeInvis .     - Unarmed
rCold    + + +     Gourm    .   (no shield)
rNeg     . . .     Faith    .   y - +7 chain mail "Ewoah" {rC++ Dex-2 Slay+2}
rPois    .         Spirit   .   w - +2 helmet of the Blind Marksman {Dex+3}
rElec    .         Reflect  +   r - scarf {rC+ rF+}
rCorr    .         Harm     .   (no gloves)
MR       +....                  (no boots)
Stlth    ..........             U - +6 amulet of reflection
HPRegen  0.32/turn              m - +5 ring of strength
MPRegen  0.22/turn              W - ring of magical power

@: lethally poisoned (-7 -> -10), about to teleport
A: no striking features
a: Potion Petition, Call Merchant, Bribe Branch, Renounce Religion


You were on level 2 of the Orcish Mines.
You worshipped Gozag.
Gozag was most pleased with you.
You were not hungry.

You visited 4 branches of the dungeon, and saw 22 of its levels.

You collected 6836 gold pieces.
You spent 609 gold pieces at shops.
You paid 2244 gold pieces to Gozag.

Inventory:

Hand Weapons
 B - a +4 scimitar of flaming
 H - the +6 short sword of the Hummingbird {pierce, rC+}
   (You bought it in a shop on level 8 of the Dungeon)

   It inflicts extra damage upon your enemies.
   It protects you from cold.
 I - the +8 short sword of Moderation {pain, Str+3 Int+3}
   (You bought it in a shop on level 8 of the Dungeon)

   In the hands of one skilled in necromantic magic, it inflicts extra damage on
   living creatures.
   It affects your strength (+3).
   It affects your intelligence (+3).
 M - a +3 longbow of flaming
Missiles
 E - 20 tomahawks (quivered)
Armour
 a - the +2 leather armour "Orob" {Dex+3}
   (You found it on level 6 of the Dungeon)

   It affects your dexterity (+3).
 i - the +8 chain mail "Xynexuer" {rF+ Str+3}
   (You bought it in a shop on level 1 of the Orcish Mines)

   It affects your strength (+3).
   It protects you from fire.
 r - a scarf of resistance (worn)
 w - the +2 helmet of the Blind Marksman (worn) {Dex+3}
   (You found it on level 4 of the Dungeon)

   It affects your dexterity (+3).
 y - the +7 chain mail "Ewoah" (worn) {rC++ Dex-2 Slay+2}
   (You found it on level 7 of the Dungeon)

   It affects your dexterity (-2).
   It affects your accuracy and damage with ranged weapons and melee attacks
   (+2).
   It greatly protects you from cold.
Jewellery
 h - an uncursed amulet of the acrobat
 k - an uncursed ring of positive energy
 m - a +5 ring of strength (left hand)
 s - an uncursed ring of resist corrosion
 L - an uncursed amulet of magic regeneration
 U - a +6 amulet of reflection (around neck)
 W - a ring of magical power (right hand)
 X - an uncursed ring of ice
 Y - an uncursed ring of poison resistance
Wands
 d - a wand of enslavement (7)
 J - a wand of acid (16)
 K - a wand of polymorph (10)
Scrolls
 b - a scroll of amnesia
 g - 2 scrolls of enchant armour
 j - 12 scrolls of identify
 n - 4 scrolls of magic mapping
 o - 3 scrolls of teleportation
 p - 8 scrolls of remove curse
 t - 3 scrolls of immolation
 x - 2 scrolls of fear {unknown}
 N - a scroll of fog {unknown}
 O - a scroll of enchant weapon
 R - a scroll of vulnerability {unknown}
 T - a scroll of holy word {unknown}
 V - 3 scrolls of summoning {unknown}
Potions
 c - a potion of cancellation {unknown}
 e - 2 potions of agility
 l - 4 potions of lignification
 q - 3 potions of flight
 u - 2 potions of degeneration
 v - a potion of heal wounds
 z - 3 potions of magic
 A - 2 potions of ambrosia
 C - 2 potions of berserk rage {unknown}
 D - 4 potions of haste
 S - 2 potions of brilliance {unknown}
Miscellaneous
 F - a sack of spiders
 G - a lightning rod (2/4)
 P - a phial of floods
Comestibles
 f - 17 rations


   Skills:
 + Level 12.0 Fighting
 + Level 11.4(14.0) Short Blades
 + Level 13.6(15.1) Long Blades
   Level 1.3(2.0) Axes
   Level 2.1(2.3) Maces & Flails
 + Level 2.3 Bows
 + Level 3.3 Throwing
 + Level 12.2 Armour
 + Level 7.2 Dodging
 + Level 5.4 Stealth
 + Level 3.3 Unarmed Combat
 + Level 1.9 Spellcasting
 + Level 6.1 Evocations


You had 19 spell levels left.
You didn't know any spells.
Your spell library contained the following spells:

 Spells                   Type           Power        Failure   Level  Hunger
 Sublimation of Blood     Necr           #.........   92%         2    ###....
 Ignite Poison            Fire/Tmut/Pois #.......     99%         3    ####...
 Cause Fear               Hex            #.........   100%        4    #####..
 Petrify                  Tmut/Erth      #.......     100%        4    #####..
 Alistair's Intoxication  Tmut/Pois      #.......     100%        5    ######.
 Bolt of Magma            Conj/Fire/Erth #.........   100%        5    ######.
 Irradiate                Conj/Tmut      #.........   100%        5    ######.
 Iskenderun's Battlesphe  Conj/Chrm      #.......     100%        5    ######.
 Silence                  Hex/Air        #.........   100%        5    ######.
 Venom Bolt               Conj/Pois      #.........   100%        5    ######.
 Yara's Violent Unravell  Hex/Tmut       #.........   100%        5    ######.
 Deflect Missiles         Chrm/Air       #.........   100%        6    #######
 Hydra Form               Tmut           #.........   100%        6    #######
 Iron Shot                Conj/Erth      #.........   100%        6    #######
 Statue Form              Tmut/Erth      #........    100%        6    #######
 Dragon Form              Tmut           #.........   100%        7    #######
 Orb of Destruction       Conj           #.........   100%        7    #######
 Spellforged Servitor     Conj/Summ      #.........   100%        7    #######
 Discord                  Hex            #.........   100%        8    #######


Dungeon Overview and Level Annotations

Branches:
Dungeon (13/15)            Temple (1/1) D:5            Lair (6/6) D:8
  Swamp (0/4) Lair:2        Snake (0/4) Lair:4        Slime (0/5) Lair:6
    Orc (2/2) D:11            Elf (0/3) Orc:2        Vaults (0/5) D:13

Altars:
Ashenzari
Cheibriados
Dithmenos
Elyvilon
Fedhas
Gozag
Hepliaklqana
Kikubaaqudgha
Makhleb
Nemelex Xobeh
Okawaru
Qazlal
Ru
Sif Muna
Trog
Uskayaw
Vehumet
Wu Jian
Xom
Yredelemnul
Zin
The Shining One
Beogh
Lugonu

Shops:
D:4 ?   D:6 !   D:8 ((}   D:11 }   Orc:1 [   Orc:2 ![*=

Annotations:
D:11 2 transporters, Jabberih's ghost, novice DrFE
D:13 exclusion: upstairs
Lair:5 exclusion: downstairs


Message History

You feel strangely unstable.
You feel sick. The sixfirhy barely misses you. You block the sixfirhy's attack.
The smoke demon barely misses you.
The smoke demon hits you but does no damage.
You block the smoke demon's attack. The orc high priest barely misses you.
The sixfirhy hits you but does no damage.
The orange demon misses you.
You hit the orc high priest.
The orc high priest is severely wounded.
The sixfirhy barely misses you. The sixfirhy hits you.
* * * LOW HITPOINT WARNING * * *
The sixfirhy shocks you!
* * * LOW HITPOINT WARNING * * *
The sixfirhy completely misses you. The smoke demon misses you.
The smoke demon hits you but does no damage.
The smoke demon hits you.
* * * LOW HITPOINT WARNING * * *
The orc high priest mumbles some strange prayers to Beogh against you.
Pain shoots through your body!
You die...
Your body crumbles into a pile of gold.

...## ###.....................##
#### #####..............##..#
#############...#####..####..
#...#...#...#8.8#...#### #.## ##
#...#...#...##'##.)(# ###.# .#
##'###'###'###.###'## ###.##.
.#####.........#.......####..##..
....#######....#3##'##.##.#..##..
....####|.#....#@#[..#.###....#..
......##..'...43o#...#.# #....#..
#.....##..#.####.#####.####.#....
###....####.#..#..[.......###....
#....####.').#.[)..####.####...
##...)))...#..#.)⌠..#..#...[)...
##...######.####....o#(['[####...
.....# ####..........#..#.#####..
....## #..####.#####.####.#..###.


You could see an orc high priest, an orange demon, a sixfirhy and a smoke demon.

Vanquished Creatures
  2 orc warlords (Orc:2)
  Nessos (D:12)
  Snorg (D:12)
  The ghost of Brecoman the Basher, a journeyman GrMo of Wu Jian (D:10)
  An ice dragon (Lair:6)
  4 hydras
  Harold (D:9)
  A centaur warrior (D:13)
  Erica (D:9)
  4 two-headed ogres
  5 death yaks (Lair:6)
  2 orc high priests (Orc:2)
  Sonja (Lair:5)
  An unseen horror (D:11)
  2 lindwurms (Lair:6)
  Pikel (D:4)
  3 orc sorcerers (Orc:2)
  2 ugly things (D:12)
  4 orc knights (Orc:2)
  A deep elf mage (D:12)
  A manticore (D:10)
  A centaur zombie (D:12)
  4 elephants (Lair:6)
  4 black mambas
  5 torpor snails (Lair:6)
  A centaur skeleton (D:12)
  10 spiny frogs
  The ghost of H0rd4k the Cutter, a novice HuAr (D:4)
  2 gargoyles
  3 rime drakes
  11 komodo dragons
  A queen bee (Lair:1)
  5 trolls
  3 tyrant leeches (Lair:6)
  A polar bear (Lair:5)
  5 dream sheep
  Grinder (D:3)
  10 hornets
  8 blink frogs (Lair:6)
  2 bog bodies (Lair:2)
  8 hippogriffs
  Sigmund (D:5)
  A human (D:10)
  2 wyverns (D:9)
  A wraith (D:9)
  A vampire (D:11)
  18 yaks
  4 basilisks
  2 hungry ghosts
  4 wargs
  4 nagas (Lair:4)
  9 water moccasins
  16 porcupines
  6 ice beasts
  37 orc warriors
  A slave (D:4)
  2 phantoms
  3 sky beasts
  16 ogres
  11 centaurs
  18 crocodiles
  3 big kobolds
  18 bullfrogs
  A gnoll sergeant (D:11)
  5 scorpions
  25 killer bees (Lair:1)
  6 electric eels
  7 howler monkeys
  A bullfrog zombie (D:12)
  4 crimson imps
  4 hounds
  26 orc priests
  3 jellies
  2 bullfrog skeletons
  21 orc wizards
  4 iguanas
  13 worker ants
  A killer bee zombie (D:9)
  A worker ant zombie (D:10)
  10 adders
  10 gnolls
  A howler monkey skeleton (D:7)
  A shadow imp (D:13)
  An adder zombie (D:9)
  3 worms
  3 dart slugs
  10 leopard geckos
  135 orcs
  15 bats
  7 giant cockroaches
  9 goblins
  9 hobgoblins
  5 jackals
  7 quokkas
  2 ball pythons
  3 frilled lizards
  15 kobolds
  7 rats
  A bush (D:8)
  A plant (D:8)
683 creatures vanquished.

Vanquished Creatures (collateral kills)
  2 worker ants (D:4)
2 creatures vanquished.

Vanquished Creatures (others)
  An orc wizard (Orc:2)
  An iguana (D:4)
  A gnoll (D:3)
  An orc (D:3)
  A quokka (D:4)
  5 fungi
  27 plants
37 creatures vanquished.

Grand Total: 722 creatures vanquished

Notes
Turn   | Place    | Note
-------+----------+-------------------------------------------
     0 | D:1      | H0rd4k the Human Artificer began the quest for the Orb.
     0 | D:1      | Reached XP level 1. HP: 15/15 MP: 3/3
   443 | D:1      | Reached XP level 2. HP: 19/21 MP: 4/4
   659 | D:1      | Reached XP level 3. HP: 17/26 MP: 5/5
  1774 | D:2      | Reached XP level 4. HP: 33/33 MP: 6/6
  2025 | D:3      | Reached skill level 1 in Armour
  2237 | D:3      | Reached XP level 5. HP: 5/38 MP: 7/7
  2663 | D:3      | Noticed Grinder
  3101 | D:4      | Found a snail-covered altar of Cheibriados.
  3101 | D:4      | Found an ancient bone altar of Kikubaaqudgha.
  3101 | D:4      | Found a sacrificial altar of Ru.
  3101 | D:4      | Found a blossoming altar of Fedhas.
  3101 | D:4      | Found a shattered altar of Ashenzari.
  3584 | D:3      | Reached XP level 6. HP: 42/44 MP: 8/8
  3753 | D:3      | Paralysed by Grinder for 5 turns
  3762 | D:3      | Paralysed by Grinder for 2 turns
  3883 | D:4      | Found a glowing silver altar of Zin.
  3883 | D:4      | Found a shadowy altar of Dithmenos.
  3927 | D:4      | Found a basalt altar of Yredelemnul.
  3962 | D:4      | Reached XP level 7. HP: 26/50 MP: 9/9
  4580 | D:4      | Found Taegokke's Magic Scroll Shop.
  5072 | D:4      | Got a slimy helmet
  5078 | D:4      | Identified the +2 helmet of the Blind Marksman {Dex+3} (You
                  | found it on level 4 of the Dungeon)
  5105 | D:4      | Found a runed translucent gate.
  5105 | D:4      | Found a runed translucent gate.
  5105 | D:4      | Found a runed translucent gate.
  5106 | D:4      | Noticed H0rd4k's ghost (novice HuAr)
  5106 | D:4      | Identified the +8 short sword "Jecloxko" {chaos, Fragile
                  | MR++ Int+5}
  5235 | D:5      | Entered Level 5 of the Dungeon
  5776 | D:5      | Reached XP level 8. HP: 56/57 MP: 10/10
  5883 | D:5      | Noticed Sigmund
  6434 | D:6      | Reached skill level 5 in Short Blades
  6580 | D:6      | Found Ibriutak's Distillery.
  6814 | D:6      | Found a shimmering altar of Xom.
  6816 | D:6      | Found a basalt altar of Yredelemnul.
  6816 | D:6      | Found a hazy altar of Hepliaklqana.
  6818 | D:6      | Found an ancient bone altar of Kikubaaqudgha.
  6818 | D:6      | Found a basalt altar of Yredelemnul.
  6818 | D:6      | Found an ancient bone altar of Kikubaaqudgha.
  7547 | D:7      | Reached XP level 9. HP: 63/64 MP: 12/12
  7808 | D:7      | Got a smoking chain mail
  7825 | D:7      | Identified the +7 chain mail "Ewoah" {rC++ Dex-2 Slay+2}
                  | (You found it on level 7 of the Dungeon)
  7836 | D:7      | Reached skill level 5 in Armour
  8430 | D:6      | Got a crude leather armour
  8441 | D:6      | Identified the +2 leather armour "Orob" {Dex+3} (You found
                  | it on level 6 of the Dungeon)
  8669 | D:5      | Killed Sigmund
  8884 | D:5      | Found a staircase to the Ecumenical Temple.
  9404 | Temple   | Entered the Ecumenical Temple
  9523 | Temple   | Became a worshipper of Gozag Ym Sagoz the Greedy
  9979 | D:8      | Reached skill level 5 in Fighting
  9983 | D:8      | Found a staircase to the Lair.
 10192 | D:9      | Noticed Erica
 10193 | D:9      | Reached XP level 10. HP: 37/74 MP: 13/13
 10445 | D:9      | Killed Erica
 10445 | D:9      | Reached skill level 5 in Dodging
 11648 | D:9      | Reached XP level 11. HP: 73/81 MP: 14/14
 11653 | D:9      | Noticed Harold
 11686 | D:9      | Killed Harold
 11686 | D:9      | Reached skill level 10 in Short Blades
 11707 | D:8      | HP: 2/83 [yak (9)]
 12294 | D:9      | Reached skill level 1 in Long Blades
 12502 | D:8      | Reached skill level 2 in Long Blades
 12618 | D:9      | Found a hide-covered altar of Uskayaw.
 12737 | D:9      | Found a white marble altar of Elyvilon.
 12737 | D:9      | Found an ornate altar of the Wu Jian Council.
 13080 | D:4      | Noticed Pikel
 13099 | D:4      | Killed Pikel
 13099 | D:4      | Reached skill level 3 in Long Blades
 13237 | D:4      | Killed H0rd4k's ghost
 13502 | D:3      | Killed Grinder
 13761 | D:10     | Entered Level 10 of the Dungeon
 13765 | D:10     | Reached skill level 4 in Long Blades
 13845 | D:10     | Got a warped mace
 13846 | D:10     | Identified the +3 mace of Nightmares {elec, +Inv rF- Int+7
                  | Stlth+} (You found it on level 10 of the Dungeon)
 13951 | D:10     | Noticed a manticore
 13965 | D:10     | Killed a manticore
 14196 | D:10     | Reached skill level 5 in Long Blades
 14314 | D:10     | Reached XP level 12. HP: 69/91 MP: 15/15
 14544 | D:10     | Found a runed translucent door.
 14545 | D:10     | Noticed Brecoman's ghost (journeyman GrMo)
 14558 | D:10     | Reached skill level 6 in Long Blades
 14658 | D:11     | Noticed a two-headed ogre
 14667 | D:11     | Killed a two-headed ogre
 14708 | D:11     | Noticed a two-headed ogre
 14723 | D:11     | Killed a two-headed ogre
 14723 | D:11     | Reached skill level 7 in Long Blades
 14737 | D:11     | Found a transporter.
 14742 | D:11     | Noticed Jabberih's ghost (novice DrFE)
 14743 | D:11     | Noticed a two-headed ogre
 14744 | D:11     | Identified the +10 dire flail of Sloth {crush, *Corrode
                  | rPois rF+ rN+}
 14744 | D:11     | Noticed a two-headed ogre
 14747 | D:11     | Found a transporter.
 14893 | D:11     | Killed an unseen horror
 15057 | D:11     | Found a staircase to the Orcish Mines.
 15109 | D:11     | Found Wazxor's Gadget Boutique.
 15379 | D:12     | Reached skill level 8 in Long Blades
 15664 | D:12     | Noticed Snorg
 15684 | D:12     | Killed Snorg
 15697 | D:12     | Noticed Nessos
 15875 | D:13     | Noticed a centaur warrior
 15886 | D:13     | Killed a centaur warrior
 15886 | D:13     | Reached skill level 9 in Long Blades
 16106 | D:13     | Noticed a six-headed hydra
 16149 | D:13     | Killed a six-headed hydra
 16149 | D:13     | Reached XP level 13. HP: 99/99 MP: 16/16
 16187 | D:13     | Found a gate to the Vaults.
 16187 | D:13     | Noticed an ironheart preserver
 16231 | D:12     | Killed Nessos
 16494 | D:12     | Found a basalt altar of Yredelemnul.
 16536 | D:12     | Reached skill level 10 in Long Blades
 16536 | D:12     | Reached skill level 5 in Evocations
 16803 | D:12     | Reached skill level 10 in Armour
 16941 | D:10     | Killed Brecoman's ghost
 17013 | Lair:1   | Entered Level 1 of the Lair of Beasts
 17041 | Lair:1   | Noticed a five-headed hydra
 17054 | Lair:1   | Killed a three-headed hydra
 17369 | Lair:1   | Reached skill level 11 in Long Blades
 18271 | Lair:2   | Found a staircase to the Swamp.
 19467 | Lair:3   | Found a hide-covered altar of Uskayaw.
 19517 | Lair:3   | Reached skill level 10 in Fighting
 20111 | Lair:4   | Found a staircase to the Snake Pit.
 20150 | Lair:4   | Reached XP level 14. HP: 66/110 MP: 18/18
 21088 | Lair:4   | Reached skill level 12 in Long Blades
 21122 | Lair:5   | Found a gate leading to a gauntlet.
 21137 | Lair:5   | Found a frozen archway.
 21341 | Lair:5   | Noticed Sonja
 21677 | Lair:5   | Killed Sonja
 21937 | Lair:6   | Entered Level 6 of the Lair of Beasts
 22681 | Lair:6   | Reached skill level 13 in Long Blades
 23064 | Lair:6   | Found a runed translucent door.
 23066 | Lair:6   | Reached skill level 1 in Maces & Flails
 23066 | Lair:6   | Reached skill level 1 in Bows
 23066 | Lair:6   | Reached skill level 1 in Unarmed Combat
 23066 | Lair:6   | Reached skill level 1 in Spellcasting
 23066 | Lair:6   | Reached XP level 15. HP: 118/118 MP: 19/19
 23067 | Lair:6   | Reached skill level 5 in Stealth
 23067 | Lair:6   | Reached XP level 16. HP: 125/125 MP: 20/20
 23180 | Lair:6   | Paralysed by a hornet for 2 turns
 23826 | Lair:6   | Got an ichor-stained war axe
 23827 | Lair:6   | Identified the +9 war axe of Radicalism {drain, +Fly rN+}
                  | (You found it on level 6 of the Lair of Beasts)
 24222 | Lair:6   | Found a staircase to the Slime Pits.
 24324 | Lair:6   | Reached skill level 1 in Axes
 24587 | D:8      | Bought an ivory short sword for 200 gold pieces
 24587 | D:8      | Bought a crystal short sword for 200 gold pieces
 24588 | D:8      | Identified the +8 short sword of Moderation {pain, Str+3
                  | Int+3} (You bought it in a shop on level 8 of the Dungeon)
 24589 | D:8      | Identified the +6 short sword of the Hummingbird {pierce,
                  | rC+} (You bought it in a shop on level 8 of the Dungeon)
 24771 | Orc:1    | Entered Level 1 of the Orcish Mines
 25059 | Orc:1    | Found Cuollozu's Antique Armour Shoppe.
 25134 | Orc:1    | Bought a faintly glowing chain mail for 209 gold pieces
 25373 | Orc:1    | Identified the +8 chain mail "Xynexuer" {rF+ Str+3} (You
                  | bought it in a shop on level 1 of the Orcish Mines)
 25403 | Orc:2    | Entered Level 2 of the Orcish Mines
 25460 | Orc:2    | Reached XP level 17. HP: 113/133 MP: 21/21
 27282 | Orc:2    | Found a roughly hewn altar of Beogh.
 27304 | Orc:2    | Found Diuqaogh's General Store.
 27337 | Orc:2    | Found Fassenops's Jewellery Shop.
 28322 | Orc:2    | Found a roughly hewn altar of Beogh.
 28373 | Orc:2    | Found Vinescha's Antique Armour Boutique.
 29481 | Orc:2    | Found Ocreopol's Distillery.
 29687 | Orc:2    | Found a staircase to the Elven Halls.
 29922 | Orc:2    | HP: 4/133 [sixfirhy[an orc high priest] (12)]
 29922 | Orc:2    | Killed from afar by an orc high priest

Skill      XL: |  1  2  3  4  5  6  7  8  9 10 11 12 13 14 15 16 17 |
---------------+----------------------------------------------------+-----
Armour         | 1 2 3 4 6 8 9 10 11 12 | 12.2
Short Blades   | 2 3 4 6 8 9 10 11 | 11.4
Dodging        | 3 4 5 6 7 |  7.2
Fighting       | 2 3 5 6 7 8 10 11 12 | 12.0
Evocations     | 4 5 6 |  6.1
Stealth        | 2 3 4 5 |  5.4
Long Blades    | 5 9 11 13 | 13.6
Maces & Flails | 1 2 |  2.1
Bows           | 1 2 |  2.3
Throwing       | 2 3 |  3.3
Unarmed Combat | 1 2 3 |  3.3
Spellcasting   | 1 |  1.9
Axes           | 1 |  1.3

Action                   |  1- 3 |  4- 6 |  7- 9 | 10-12 | 13-15 | 16-18 || total
-------------------------+-------+-------+-------+-------+-------+-------++-------
Melee: Short sword       |   112 |   274 |   530 |   328 |       |   591 ||  1835
       Scimitar          |       |       |       |   419 |   547 |    83 ||  1049
       War axe           |       |       |       |       |       |    31 ||    31
       Punch             |       |       |       |       |       |    18 ||    18
       Unarmed           |       |       |       |       |       |   326 ||   326
Throw: Tomahawk          |       |       |       |       |     4 |       ||     4
Invok: Call Merchant     |       |       |       |       |       |     3 ||     3
Evoke: Wand              |       |    17 |    11 |    12 |    15 |       ||    55
       Lightning rod     |       |       |       |       |     4 |     3 ||     7
       Phantom mirror    |       |       |       |       |       |     1 ||     1
  Use: Potion            |       |       |     1 |     2 |     5 |     2 ||    10
       Scroll            |       |       |     7 |    10 |     3 |     1 ||    21
 Stab: Sleeping          |     2 |       |     1 |       |       |       ||     3
       Distracted        |       |       |     1 |     1 |     3 |     5 ||    10
  Eat: Chunk             |     2 |     8 |    16 |       |       |       ||    26
       Ration            |       |       |     1 |     8 |     6 |     7 ||    22
Armor: Leather armour    |    28 |     1 |       |       |       |       ||    29
       Ring mail         |       |    78 |    75 |       |       |       ||   153
       Chain mail        |       |       |    81 |   294 |   238 |   316 ||   929
Dodge: Dodged            |    81 |   224 |   329 |   345 |   326 |   364 ||  1669
Block: Other             |       |       |       |       |       |   187 ||   187
       Reflection        |       |       |       |       |       |     7 ||     7
       Rpst.: Scimitar   |       |       |       |    64 |    76 |     7 ||   147
